 Dungeon Crawl Stone Soup version 0.20.1-1-g8b1a95d (webtiles) character file.

94 vishdafish the Shield-Bearer (level 4, -2/29 HPs)
             Began as a Gargoyle Fighter on July 6, 2017.
             Slain by Crazy Yiuf
             ... wielding a +3 quarterstaff of chaos
              (7 damage)
             ... on level 2 of the Dungeon.
             The game lasted 00:02:12 (1603 turns).

vishdafish the Shield-Bearer (Gargoyle Fighter)     Turns: 1603, Time: 00:02:13

Health: -2/29      AC: 10    Str: 20    XL:     4   Next: 63%
Magic:  4/4        EV:  7    Int:  9    God:
Gold:   124        SH:  9    Dex:  9    Spells: 3/3 levels left

rFire    . . .     SeeInvis .   a - +0 trident
rCold    . . .     Gourm    .   c - +0 shield
rNeg     + . .     Faith    .   b - +0 scale mail
rPois    ∞         Spirit   .   (no helmet)
rElec    +         Reflect  .   (no cloak)
rCorr    .         Harm     .   (no gloves)
MR       .....                  (no boots)
Stlth    ..........             (no amulet)
Regen    0.1/turn               (no ring)
MPRegen  0.1/turn               (no ring)

@: no status effects
A: negative energy resistance 1, electricity resistance, unbreathing,
petrification resistance, rot immunity, AC +3
a: no special abilities


You were on level 2 of the Dungeon.
You were hungry.

You visited 1 branch of the dungeon, and saw 2 of its levels.

You collected 124 gold pieces.

Inventory:

Hand Weapons
 a - a +0 trident (weapon)
Armour
 b - a +0 scale mail (worn)
 c - a +0 shield (worn)
Scrolls
 g - 3 scrolls of recharging {unknown}
 i - a scroll of identify {unknown}
 j - a scroll of amnesia {unknown}
 k - a scroll of fog {unknown}
 l - a scroll of random uselessness {unknown}
Potions
 d - a potion of might
 e - 2 potions of brilliance {unknown}
Comestibles
 f - 2 bread rations
 h - a meat ration


   Skills:
 + Level 3.8 Fighting
 * Level 2.8 Polearms
 + Level 3.9 Armour
 + Level 4.1 Shields


You had 3 spell levels left.
You didn't know any spells.

Dungeon Overview and Level Annotations

Branches:
Dungeon (2/15)

Altars:
Okawaru

Annotations:
D:2 Crazy Yiuf


Innate Abilities, Weirdness & Mutations

You are resistant to torment.
Your stone body is resilient. (AC +3)
You are immune to poison.
You resist negative energy. (rN+)
You are resistant to electric shocks. (rElec)
You can survive without breathing.
You are immune to petrification.
You are immune to rotting.


Message History

Crazy Yiuf grits, "Action sanguine ladder!"
Crazy Yiuf hits you but does no damage.
You closely miss Crazy Yiuf.
Crazy Yiuf is severely wounded.
Crazy Yiuf grits, "Candle!
Blight return to song ladder."
Crazy Yiuf hits you with a quarterstaff of chaos!
Crazy Yiuf burns you.
* * * LOW HITPOINT WARNING * * *
Okay, then.
Your scale mail prevents you from hitting Crazy Yiuf.
Crazy Yiuf is severely wounded.
Crazy Yiuf hits you with a quarterstaff of chaos.
* * * LOW HITPOINT WARNING * * *
You hit Crazy Yiuf but do no damage.
Crazy Yiuf is severely wounded.
Crazy Yiuf barely misses you.
You closely miss Crazy Yiuf.
Crazy Yiuf is severely wounded.
Crazy Yiuf hits you with a quarterstaff of chaos!
You die...

#####.....#.#.#.#####.# #......
#...).#.#.#.......# #......
#.....'...##......# #......
#...############### #......
#...# #...... #.####♣♣♣♣♣
#...... #..##.P.♣.♣♣♣ ###
#...... ##.....P.♣..♣#...#
#...... #....P.♣♣♣♣@g...#
#...... ##.#..♣♣ ♣♣#...# #######
####♣♣ ### ####### #.....#
#.....# #
#######################.....# #
#...........................# #
#........####.##............# #
#.............##......._....####


You could see Crazy Yiuf.

Vanquished Creatures
  5 adders (D:2)
  A worm (D:1)
  A dart slug (D:2)
  A leopard gecko (D:2)
  4 bats
  3 giant cockroaches
  7 goblins
  8 hobgoblins
  5 kobolds
  4 frilled lizards
  5 rats
44 creatures vanquished.

Notes
Turn   | Place    | Note
-------+----------+-------------------------------------------
     0 | D:1      | vishdafish the Gargoyle Fighter began the quest for the Orb.
     0 | D:1      | Reached XP level 1. HP: 14/14 MP: 1/1
   126 | D:1      | Reached XP level 2. HP: 19/19 MP: 2/2
   512 | D:1      | You fall through a shaft!
   521 | D:2      | Reached XP level 3. HP: 16/23 MP: 3/3
   829 | D:2      | Reached XP level 4. HP: 23/29 MP: 4/4
   868 | D:2      | Reached skill level 4 in Shields
  1084 | D:2      | Found an iron altar of Okawaru.
  1304 | D:2      | Found a runed door.
  1585 | D:2      | Noticed Crazy Yiuf
  1603 | D:2      | Slain by Crazy Yiuf

Skill      XL: |  1  2  3  4 |
---------------+-------------+-----
Polearms       | 2 |  2.8
Shields        | 4 |  4.1
Fighting       | |  3.8
Armour         | |  3.9

Action                   |  1- 3 |  4- 6 || total
-------------------------+-------+-------++-------
Melee: Trident           |   168 |    87 ||   255
  Eat: Chunk             |       |     2 ||     2
Armor: Scale mail        |    66 |    60 ||   126
Dodge: Dodged            |    32 |    29 ||    61
Block: Shield            |    91 |    54 ||   145
